 Dungeon Crawl Stone Soup version 0.24.0-123-gd5b16e6ec5 (webtiles) character file.

Game seed: 17225564516111383901, levelgen mode: deterministic

102 Kozerkuc the Sneak (level 4, 0/23 HPs)
             Began as a Vine Stalker Assassin on Jan 14, 2020.
             Slain by a hobgoblin
             ... wielding a +0 quarterstaff
              (5 damage)
             ... on level 3 of the Dungeon.
             The game lasted 00:04:38 (1547 turns).

Kozerkuc the Sneak (Vine Stalker Assassin)          Turns: 1547, Time: 00:04:38

Health: 0/23       AC:  3    Str: 14    XL:     4   Next: 77%
Magic:  0/5        EV: 11    Int: 11    God:
Gold:   98         SH:  0    Dex: 16    Spells: 3/3 levels left

rFire    . . .     SeeInvis .   a - +2 dagger
rCold    . . .     Gourm    .   (no shield)
rNeg     . . .     Faith    .   b - +0 robe
rPois    .         Spirit   +   (no helmet)
rElec    .         Reflect  .   c - +0 cloak
rCorr    .         Harm     .   (no gloves)
MR       .....                  (no boots)
Stlth    +++.......             (no amulet)
HPRegen  0.47/turn              (no ring)
MPRegen  0.09/turn              (no ring)

@: no status effects
A: fangs 2, regeneration 1, magic shield, antimagic bite, no potion heal 3, rot
immunity
a: no special abilities


You were on level 3 of the Dungeon.
You were not hungry.

You visited 1 branch of the dungeon, and saw 3 of its levels.

You collected 98 gold pieces.

Inventory:

Hand Weapons
 a - a +2 dagger (weapon)
Missiles
 d - 8 poisoned darts (quivered)
 e - 2 curare-tipped darts
Armour
 b - a +0 robe (worn)
 c - a +0 cloak (worn)
Jewellery
 h - an uncursed ring of ice {unknown}
 i - an uncursed ring of protection from magic {unknown}
 j - a cursed ring of fire {unknown}
 k - an uncursed ring of see invisible {unknown}
Wands
 t - a wand of random effects (23)
Scrolls
 n - 2 scrolls of enchant armour {unknown}
 o - a scroll of random uselessness {unknown}
 p - a scroll of remove curse {unknown}
 q - a scroll of identify {unknown}
 r - 3 scrolls of fear {unknown}
 s - a scroll of amnesia {unknown}
 u - a scroll of blinking {unknown}
Potions
 g - 2 potions of curing {unknown}
 l - 2 potions of brilliance {unknown}
 m - 2 potions of haste {unknown}
 v - a potion of ambrosia {unknown}
Comestibles
 f - 5 rations


   Skills:
 + Level 2.9 Fighting
 + Level 2.9 Short Blades
 - Level 1.7 Throwing
 - Level 0.7 Dodging
 + Level 5.8 Stealth


You had 3 spell levels left.
You didn't know any spells.
Your spell library was empty.

Dungeon Overview and Level Annotations

Branches:
Dungeon (3/15)

Altars:
Xom


Innate Abilities, Weirdness & Mutations

You have extremely sharp teeth.
Your natural rate of healing is unusually fast.
When hurt, damage is shared between your health and your magic reserves.
Your bite disrupts and absorbs the magic of your enemies.
Potions cannot restore your health.
You are immune to rotting.


Message History

You hit the kobold but do no damage.
The kobold is severely wounded.
The hobgoblin barely misses you. The kobold hits you but does no damage.
You hit the kobold.
You kill the kobold!
The hobgoblin hits you with a +0 quarterstaff!
The hobgoblin hits you with a +0 quarterstaff!
You see here a kobold corpse.
The hobgoblin barely misses you.
You hit the hobgoblin.
The hobgoblin is severely wounded.
The hobgoblin hits you with a +0 quarterstaff!
* * * LOW HITPOINT WARNING * * *
You barely miss the hobgoblin.
You bite the hobgoblin, but do no damage.
The hobgoblin is severely wounded.
You hit the hobgoblin.
The hobgoblin is almost dead.
The hobgoblin hits you with a +0 quarterstaff.
You die...

#### .# ..# #.# #.#
#.# ##.## #.# ## #...#
#.# ... ###..†### #.#
.. #...@†..###.##.####
........g............#
.###)......###.#####.
###...### #.#
#...#####.#
##.#...##.# ..#......#
####...##..#
####.#####.# #


You could see a hobgoblin.

Vanquished Creatures
  An orc priest (D:3)
  An adder (D:2)
  An ooze (D:2)
  2 worms (D:3)
  2 dart slugs (D:2)
  A leopard gecko (D:3)
  2 orcs (D:3)
  A ball python (D:1)
  A giant cockroach (D:1)
  4 goblins
  10 hobgoblins
  7 kobolds
  6 bats
  5 frilled lizards
  4 rats
  A butterfly (D:3)
49 creatures vanquished.

Notes
Turn   | Place    | Note
-------+----------+-------------------------------------------
     0 | D:1      | Kozerkuc the Vine Stalker Assassin began the quest for the
                  | Orb.
     0 | D:1      | Reached XP level 1. HP: 11/11 MP: 2/2
    71 | D:1      | Reached skill level 5 in Stealth
    77 | D:1      | Reached XP level 2. HP: 15/15 MP: 3/3
   835 | D:2      | Reached XP level 3. HP: 18/18 MP: 4/4
  1405 | D:3      | Found a shimmering altar of Xom.
  1425 | D:3      | Gained mutation: Your natural rate of healing is unusually
                  | fast. [Vine Stalker growth]
  1425 | D:3      | Reached XP level 4. HP: 17/23 MP: 5/5
  1547 | D:3      | Slain by a hobgoblin

Levels and vault maps discovered:
D:1:      minmay_arrival_plants_in_alcoves, layout_basic,
          chequers_serial_rivers_room_b
D:2:      layout_loops_cross
D:3:      layout_loops_ring, xom_butterflies, trog_butcher_becter

Skill      XL: |  1 |
---------------+----+-----
Fighting       | 2 |  2.9
Stealth        | 5 |  5.8
Short Blades   | 2 |  2.9
Throwing       | |  1.7
Dodging        | |  0.7

Action                   |  1- 3 |  4- 6 || total
-------------------------+-------+-------++-------
Melee: Dagger            |    90 |    37 ||   127
       Bite              |    26 |     9 ||    35
 Stab: Sleeping          |    16 |     2 ||    18
  Eat: Ration            |     1 |       ||     1
Armor: Robe              |     7 |     3 ||    10
Dodge: Dodged            |    33 |    20 ||    53
